 Dungeon Crawl Stone Soup version 0.31.0-9-g3a7656b989 (webtiles) character file.

Game seed: 7663796489987155339

336 qw the Skirmisher (level 6, -2/34 HPs)
             Began as a Deep Elf Hunter on Feb 2, 2024.
             Slain by a lemure (7 damage)
             ... led by Pikel
             ... on level 6 of the Dungeon.
             The game lasted 00:00:08 (1672 turns).

qw the Skirmisher (Deep Elf Hunter)                 Turns: 1672, Time: 00:00:09

Health: -2/34      AC:  4    Str: 14    XL:     6   Next: 28%
Magic:  8/8        EV: 15    Int: 14    God:
Gold:   81         SH:  0    Dex: 20    Spells: 5/5 levels left

rFire   . . .        a - +0 shortbow
rCold   + . .        (shield currently unavailable)
rNeg    . . .        b - +1 leather armour {rC+}
rPois   .            (no helmet)
rElec   .            (no cloak)
rCorr   .            (no gloves)
SInv    .            (no boots)
Will    .....        (no amulet)
Stlth   ++           k - +6 ring of strength
HPRegen 0.25/turn    (no ring)
MPRegen 0.11/turn

%: no passive effects
@: about to teleport
A: no striking features
a: no special abilities


You were on level 6 of the Dungeon.
You visited 1 branch of the dungeon, and saw 4 of its levels.

You collected 81 gold pieces.


   Skills:
 - Level 1.5 Fighting
 + Level 8.5 Ranged Weapons
 - Level 5.4 Dodging
 - Level 1.2 Stealth


You had 5 spell levels left.
You didn't know any spells.
Your spell library was empty.

Inventory:

Hand Weapons
 a - a +0 shortbow (weapon)
Armour
 b - a +1 leather armour of cold resistance (worn)
 d - a +0 ring mail
Jewellery
 k - a +6 ring of strength (left hand)
Potions
 f - a potion of brilliance {unknown}
 g - a potion of curing
 j - a potion of degeneration {unknown}
 l - a potion of resistance {unknown}

Dungeon Overview and Level Annotations

Branches:
Dungeon (3/15)

Altars:
Gozag

Annotations:
D:6 Pikel


Message History

The lemure hits you.
You shoot an arrow. The arrow closely misses the lemure.
The arrow closely misses Pikel.
The lemure hits you but does no damage.
You shoot an arrow. The arrow hits the lemure.
The lemure is lightly wounded.
The lemure completely misses you.
You shoot an arrow. The arrow closely misses the lemure.
The arrow hits Pikel but does no damage.
The lemure hits you.
You shoot an arrow.
The arrow hits the lemure but does no damage.
The lemure is lightly wounded.
The lemure hits you.
You shoot an arrow. The arrow hits the lemure.
The lemure is lightly wounded.
The lemure hits you!
You shoot an arrow. The arrow hits the lemure.
The lemure is lightly wounded.
The lemure hits you.
You shoot an arrow. The arrow closely misses the lemure.
The arrow hits Pikel but does no damage.
The lemure misses you.
You shoot an arrow. The arrow hits the lemure.
The lemure is moderately wounded.
The lemure misses you.
You shoot an arrow. The arrow hits the lemure.
The lemure is moderately wounded.
The lemure misses you.
You shoot an arrow. The arrow hits the lemure.
The lemure is severely wounded.
The lemure hits you.
1671 ||| READING scroll of teleportation.
As you read the scroll of teleportation, it crumbles to dust.
You feel strangely unstable. The lemure hits you.
You shoot an arrow. The arrow hits the lemure.
The lemure is severely wounded.
The lemure hits you!
You die...

..#......
.#.....
>......
.....
#...# 5K.
#5# #@##
#..##
##..#
##.# #.#
#.# #(#
#.# #.#


You could see Pikel and 2 lemures.

Vanquished Creatures
  Sigmund (D:6)
  2 lemures (D:6)
  A howler monkey (D:6)
  A jelly (D:6)
  Jessica (D:2)
  5 gnolls
  2 ribbon worms (D:2)
  3 bats
  3 endoplasms
  A giant cockroach (D:1)
  5 goblins
  3 hobgoblins
  3 quokkas
  3 ball pythons
  4 frilled lizards
  7 kobolds
  4 rats
49 creatures vanquished.

Notes
Turn   | Place    | Note
-------+----------+-------------------------------------------
     0 | D:1      | qw the Deep Elf Hunter began the quest for the Orb.
     0 | D:1      | Reached XP level 1. HP: 12/12 MP: 3/3
     0 | D:1      | 0 ||| qw: Version: 0.3-a-155-g5e7d8dd
     0 | D:1      | 0 ||| qw: Game counter: 2107
     0 | D:1      | 0 ||| qw: Melee chars always use a shield: true
     0 | D:1      | 0 ||| qw: God list: Okawaru
     0 | D:1      | 0 ||| qw: Allow faded altars: false
     0 | D:1      | 0 ||| qw: Do Orc after clearing Dungeon:15 true
     0 | D:1      | 0 ||| qw: Do second Lair branch before Depths: true
     0 | D:1      | 0 ||| qw: Lair rune preference: random
     0 | D:1      | 0 ||| qw: Goals: Normal
     0 | D:1      | 0 ||| PLANNING D:1-11
   123 | D:1      | Reached skill level 6 in Ranged Weapons
   123 | D:1      | Reached XP level 2. HP: 16/16 MP: 4/4
   372 | D:1      | Found a faded altar of an unknown god.
   683 | D:1      | 683 ||| UPGRADING to +6 ring of strength.
   684 | D:1      | 684 ||| READING scroll labelled HITEQEHOTZ.
   684 | D:1      | 684 ||| ENCHANTING +0 shortbow.
   685 | D:1      | 685 ||| READING scroll labelled SUATTIN HICAD.
   686 | D:1      | 686 ||| READING 2 scrolls labelled NEC DILONIN.
   690 | D:1      | 690 ||| READING scroll labelled NYZUATIXEI.
   691 | D:1      | 691 ||| DROPPING scroll of butterflies.
   729 | D:2      | Reached XP level 3. HP: 20/20 MP: 5/5
   735 | D:2      | Reached skill level 7 in Ranged Weapons
   744 | D:2      | Reached XP level 4. HP: 25/25 MP: 6/6
   749 | D:2      | Noticed Jessica
   751 | D:2      | Killed Jessica
   885 | D:2      | Reached skill level 8 in Ranged Weapons
  1283 | D:2      | 1283 ||| UPGRADING to +1 leather armour of cold resistance.
  1293 | D:2      | 1293 ||| DROPPING +0 leather armour.
  1294 | D:2      | 1294 ||| DRINKING 2 golden potions.
  1295 | D:2      | 1295 ||| DRINKING 2 smoky green potions.
  1296 | D:2      | 1296 ||| FLEEEEING.
  1297 | D:2      | 1297 ||| FLEEEEING.
  1298 | D:2      | 1298 ||| FLEEEEING.
  1299 | D:2      | 1299 ||| FLEEEEING.
  1300 | D:2      | 1300 ||| FLEEEEING.
  1301 | D:2      | 1301 ||| FLEEEEING.
  1302 | D:2      | 1302 ||| FLEEEEING.
  1303 | D:2      | 1303 ||| FLEEEEING.
  1304 | D:2      | 1304 ||| FLEEEEING.
  1305 | D:2      | 1305 ||| FLEEEEING.
  1306 | D:2      | 1306 ||| FLEEEEING.
  1307 | D:2      | 1307 ||| FLEEEEING.
  1308 | D:2      | 1308 ||| FLEEEEING.
  1309 | D:2      | 1309 ||| FLEEEEING.
  1310 | D:2      | 1310 ||| FLEEEEING.
  1311 | D:2      | 1311 ||| FLEEEEING.
  1312 | D:2      | 1312 ||| FLEEEEING.
  1313 | D:2      | 1313 ||| FLEEEEING.
  1314 | D:2      | 1314 ||| FLEEEEING.
  1315 | D:2      | 1315 ||| FLEEEEING.
  1316 | D:2      | 1316 ||| FLEEEEING.
  1317 | D:2      | 1317 ||| FLEEEEING.
  1318 | D:2      | 1318 ||| FLEEEEING.
  1319 | D:2      | 1319 ||| FLEEEEING.
  1320 | D:2      | 1320 ||| FLEEEEING.
  1321 | D:2      | 1321 ||| FLEEEEING.
  1322 | D:2      | 1322 ||| FLEEEEING.
  1323 | D:2      | 1323 ||| FLEEEEING.
  1324 | D:2      | 1324 ||| FLEEEEING.
  1325 | D:2      | 1325 ||| FLEEEEING.
  1326 | D:2      | 1326 ||| FLEEEEING.
  1327 | D:2      | 1327 ||| FLEEEEING.
  1328 | D:2      | 1328 ||| FLEEEEING.
  1329 | D:2      | 1329 ||| FLEEEEING.
  1330 | D:2      | 1330 ||| FLEEEEING.
  1331 | D:2      | 1331 ||| DROPPING potion of berserk rage.
  1355 | D:3      | Found an opulent altar of Gozag.
  1448 | D:3      | You fall into a shaft and drop 3 floors!
  1469 | D:6      | Noticed Sigmund
  1478 | D:6      | Killed Sigmund
  1479 | D:6      | Reached XP level 5. HP: 13/29 MP: 7/7
  1479 | D:6      | Reached XP level 6. HP: 15/34 MP: 8/8
  1645 | D:6      | Noticed Pikel
  1646 | D:6      | 1646 ||| RETREEEEATING.
  1670 | D:6      | HP: 7/34 [lemure[Pikel] (4)]
  1671 | D:6      | 1671 ||| READING scroll of teleportation.
  1672 | D:6      | Slain by a lemure

Levels and vault maps discovered:
D:1:      lemuel_arrival_broad_hall, layout_basic,
          chequers_ecumenical_altar_grove, chequers_jeans
D:2:      layout_basic, uniq_jessica
D:3:      kb_forest_paths, layout_basic, mainiacjoe_overflow_chevrons,
          overflow_temple_1_default, st_stairs_7
D:6:      kennysheep_big_flooded_room, layout_basic, minmay_temple_entry_tees,
          nicolae_grassy_gnolls, uniq_pikel, uniq_sigmund

Skill      XL: |  1  2  3  4 |
---------------+-------------+-----
Ranged Weapons | 6 7 8 |  8.5
Dodging        | 5 |  5.4
Fighting       | |  1.5
Stealth        | |  1.2

Action                     |  1- 3 |  4- 6 || total
---------------------------+-------+-------++-------
   Fire: Shortbow          |    52 |   102 ||   154
    Use: Scroll            |     4 |     1 ||     5
         Potion            |       |     2 ||     2
 Armour: Leather armour    |       |    23 ||    23
  Dodge: Dodged            |     2 |    14 ||    16

Table legend:
 A = Non-vault XP
 B = Vault XP
 C = Vault XP percentage of total XP
 D = Non-vault monster count
 E = Vault monster count
 F = Vault count percentage of total count
                 A         B        C        D         E       F
            +---------+---------+-------+---------+---------+-------
      Total |     229 |     252 |  52.4 |      44 |       3 |   6.4
            +---------+---------+-------+---------+---------+-------
        D:1 |      39 |       0 |   0.0 |      17 |       0 |   0.0
        D:2 |      88 |      37 |  29.6 |      20 |       1 |   4.8
        D:3 |       9 |       1 |  10.0 |       5 |       1 |  16.7
        D:6 |      93 |     214 |  69.7 |       2 |       1 |  33.3
            +---------+---------+-------+---------+---------+-------
